 Dungeon Crawl Stone Soup version 0.27.1-37-g7b29ead8ac (webtiles) character file.

Game seed: 12714388634699451048

277 cbfl8 the Covered (level 6, -1/53 HPs)
             Began as a Minotaur Fighter on Apr 30, 2023.
             Slain by a black bear (2 damage)
             ... on level 4 of the Dungeon.
             The game lasted 00:02:03 (2538 turns).

cbfl8 the Covered (Minotaur Fighter)                Turns: 2538, Time: 00:02:04

Health: -1/53      AC: 10    Str: 26    XL:     6   Next: 4%
Magic:  5/5        EV:  8    Int:  5    God:
Gold:   72         SH: 10    Dex: 12    Spells: 5/5 levels left

rFire    + . .     SeeInvis .   a - +0 war axe
rCold    . . .     Faith    .   c - +0 kite shield
rNeg     . . .     Spirit   .   b - +0 scale mail
rPois    .         Reflect  .   (helmet restricted)
rElec    .         Harm     .   m - +2 cloak
rCorr    .         Rampage  .   (no gloves)
Will     .....                  (no boots)
Stlth    ..........             (no amulet)
HPRegen  0.17/turn              k - +6 ring of strength
MPRegen  0.09/turn              u - ring of protection from fire

@: no status effects
A: horns 2, retaliatory headbutt
a: no special abilities


You were on level 4 of the Dungeon.
You visited 1 branch of the dungeon, and saw 4 of its levels.

You collected 72 gold pieces.

Inventory:

Hand Weapons
 a - a +0 war axe (weapon)
Missiles
 q - a throwing net (quivered)
Armour
 b - a +0 scale mail (worn)
 c - a +0 kite shield (worn)
 m - a +2 cloak (worn)
Jewellery
 k - a +6 ring of strength (left hand)
 u - a ring of protection from fire (right hand)
Wands
 d - a wand of flame (18)
Scrolls
 e - a scroll of noise {unknown}
 g - 3 scrolls of teleportation
 h - a scroll of fog
 j - a scroll of blinking
 l - a scroll of summoning {unknown}
 p - a scroll of silence {unknown}
Potions
 i - a potion of berserk rage {unknown}
 n - a potion of degeneration {unknown}
 o - 2 potions of heal wounds
 r - a potion of curing {unknown}
 s - a potion of cancellation {unknown}
 t - a potion of haste {unknown}


   Skills:
 + Level 4.5 Fighting
 + Level 4.8 Axes
 + Level 5.0 Armour
 + Level 1.4 Dodging
 + Level 0.3 Stealth
 + Level 4.9 Shields


You had 5 spell levels left.
You didn't know any spells.
Your spell library contained the following spells:

 Spells                   Type           Power      Damage    Failure   Level
 Call Canine Familiar     Summ           0%         N/A       100%        3
 Portal Projectile        Hex/Tloc       0%         N/A       100%        3
 Leda's Liquefaction      Hex/Erth       0%         N/A       100%        4


Dungeon Overview and Level Annotations

Branches:
Dungeon (4/15)
 Temple: D:4-7

Altars:


Innate Abilities, Weirdness & Mutations

You have a pair of horns on your head.
You reflexively headbutt those who attack you in melee.


Message History

You block the black bear's attack.
Unknown command.
Your shield prevents you from hitting the black bear.
You headbutt the black bear.
The black bear is severely wounded.
The black bear goes berserk!
Unknown command.
You barely miss the black bear.
The black bear is severely wounded.
The black bear bites you.
The black bear claws you but does no damage. x2
The black bear bites you. The black bear barely misses you.
The black bear claws you but does no damage.
The black bear bites you. You block the black bear's attack.
The black bear claws you but does no damage.
You closely miss the black bear.
The black bear is severely wounded.
The black bear bites you! The black bear barely misses you. x2
The black bear bites you!
The black bear claws you but does no damage.
The black bear claws you.
You are too injured to fight recklessly!
You are too injured to fight recklessly!
You are too injured to fight recklessly!
You completely miss the black bear.
The black bear is severely wounded.
The black bear bites you but does no damage.
The black bear claws you but does no damage.
The black bear claws you. You block the black bear's attack.
The black bear claws you.
* * * LOW HITPOINT WARNING * * *
The black bear claws you but does no damage.
You hit the black bear.
The black bear is severely wounded.
The black bear bites you!
* * * LOW HITPOINT WARNING * * *
You block the black bear's attack. The black bear claws you.
* * * LOW HITPOINT WARNING * * *
You block the black bear's attack. The black bear claws you.
You die...

## ... #.# #.#
################## #.#
#.......##.......# #.#
#.......##.......####.##
.......@......†.........
......h...............##
........................
#.......##.......##.....
..................+...##
..................#.....
..................#...##
.############+###.#..(..
#...##


You could see a black bear (berserk).

Vanquished Creatures
  An ogre (D:3)
  Terence (D:3)
  Ijyb (D:3)
  An iguana (D:4)
  6 adders
  A worm (D:2)
  2 dart slugs
  A ball python (D:1)
  3 bats
  6 endoplasms
  5 giant cockroaches (D:1)
  5 goblins
  4 hobgoblins
  4 jackals (D:1)
  2 quokkas (D:1)
  2 frilled lizards
  7 kobolds
  2 rats (D:1)
54 creatures vanquished.

Notes
Turn   | Place    | Note
-------+----------+-------------------------------------------
     0 | D:1      | cbfl8 the Minotaur Fighter began the quest for the Orb.
     0 | D:1      | Reached XP level 1. HP: 19/19 MP: 0/0
   136 | D:1      | Reached XP level 2. HP: 25/27 MP: 1/1
   878 | D:1      | Reached XP level 3. HP: 33/33 MP: 2/2
  1035 | D:2      | Reached skill level 4 in Armour
  1599 | D:2      | Found a faded altar of an unknown god.
  1840 | D:3      | Reached XP level 4. HP: 38/40 MP: 3/3
  1867 | D:3      | Noticed Ijyb
  1867 | D:3      | Noticed an ogre
  1873 | D:3      | Killed an ogre
  1874 | D:3      | Reached skill level 1 in Dodging
  1874 | D:3      | Reached XP level 5. HP: 26/47 MP: 4/4
  1875 | D:3      | Killed Ijyb
  2169 | D:3      | Noticed Terence
  2178 | D:3      | Killed Terence
  2524 | D:4      | Reached XP level 6. HP: 51/53 MP: 5/5
  2533 | D:4      | Reached skill level 5 in Armour
  2538 | D:4      | HP: 1/53 [black bear (5)]
  2538 | D:4      | Slain by a black bear

Illustrated notes

Levels and vault maps discovered:
D:1:      dpeg_arrival_prison, layout_basic
D:2:      layout_basic, serial_corexii_hall, corexii_hall_statues_i,
          corexii_hall_statues_l, shapermc_ecumenical_altar_gd
D:3:      layout_rooms, uniq_ijyb, uniq_terence
D:4:      layout_basic, nzn_wu_jian_contemplation, st_stairs_4, minmay_unequal

Skill      XL: |  1  2  3  4  5  6 |
---------------+-------------------+-----
Shields        | 4 |  4.9
Fighting       | 4 |  4.5
Axes           | 3 4 |  4.8
Armour         | 4 5 |  5.0
Dodging        | 1 |  1.4
Stealth        | |  0.3

Action                   |  1- 3 |  4- 6 || total
-------------------------+-------+-------++-------
Melee: War axe           |    68 |    37 ||   105
       Headbutt          |     8 |    10 ||    18
  Use: Potion            |       |     1 ||     1
       Scroll            |       |     4 ||     4
Armor: Scale mail        |    40 |    23 ||    63
Dodge: Dodged            |    22 |    11 ||    33
Block: Kite shield       |    40 |    25 ||    65
